Map: Dash and Terminal LE (Void)

Players

wabbajack

  • Race: Zerg Zerg
  • League: Grandmaster

건설로봇 - Winner!

  • Race: Terran Terran
  • League: Grandmaster

VOD

Have the link to the VOD?

Description

Time

  • Played on: July 15, 2015, 12:05 p.m.
  • Length: 7:22
Show
View Real Time Build Order
Export as new Build Order

wabbajack Zerg 

Build Orders: Hatch First 

Get SALT Encoding   

  12  0:01  Drone  
  13  0:14  Overlord  
  13  0:22  Drone  
  13  0:25  Extractor  
  13  0:26  Drone  
  15  0:34  Drone  
  16  0:37  Drone  
  17  0:57  Hatchery  
  17  1:01  Drone  
  17  1:02  Drone  
  18  1:06  Extractor  
  18  1:09  Drone  
  18  1:24  Spawning Pool  
  17  1:25  Drone  
  17  1:31  Drone  
  19  1:48  Overlord  
  20  2:01  Drone  
  20  2:05  Drone  
  21  2:11  Queen x2  
  21  2:13  Metabolic Boost  
  25  2:16  Zergling x2  
  25  2:20  Zergling x2  
  25  2:21  Drone  
  28  2:24  Drone  
  29  2:31  Drone  
  29  2:36  Overlord  
  29  3:03  Roach Warren  
  29  3:04  Extractor  
  29  3:05  Drone  
  28  3:09  Queen  
  28  3:11  Drone x3  
  31  3:23  Zergling x4  
  28  3:36  Spine Crawler  
  23  4:03  Queen  
  23  4:05  Overlord x2  
  25  4:13  Roach x5  
  35  4:25  Drone x2  
  35  4:26  Drone  
  35  4:45  Roach x4  
  43  4:57  Roach x2  
  47  5:03  Drone x2  
  47  5:04  Drone  
  50  5:31  Overlord  
  50  5:49  Zergling x22  
  34  7:01  Zergling x2  
  34  7:03  Drone x4  
  34  7:04  Drone x4  
Show
View Real Time Build Order
Export as new Build Order

건설로봇 Terran - Winner!

Build Orders:  

Get SALT Encoding   

  12  0:27  SCV  
  13  0:39  SCV  
  14  0:46  Supply Depot  
  14  0:51  SCV  
  14  0:56  Refinery  
  15  1:07  SCV  
  15  1:09  Barracks  
  16  1:18  Barracks  
  16  1:21  SCV  
  17  1:33  SCV  
  17  1:35  Supply Depot  
  18  1:45  SCV  
  19  1:56  Reaper  
  19  2:00  Orbital Command  
  20  2:05  Reaper  
  21  2:11  Refinery  
  21  2:28  Reaper  
  22  2:34  Command Center  
  22  2:38  Reaper  
  23  2:55  SCV  
  24  3:00  Reaper  
  24  3:02  Command Center  
  25  3:08  SCV  
  25  3:10  Reaper  
  26  3:20  SCV  
  27  3:32  Reaper  
  28  3:42  Reaper  
  28  4:04  Reaper  
  28  4:08  SCV  
  31  4:12  Orbital Command  
  31  4:14  Reaper  
  31  4:23  Orbital Command  
  31  4:25  Factory  
  31  4:26  SCV  
  32  4:36  Reaper  
  32  4:47  Barracks Tech Lab  
  32  4:58  SCV x2  
  34  5:02  Barracks x2  
  34  5:04  Barracks  
  34  5:06  Barracks  
  33  5:09  Barracks  
  33  5:10  Marauder  
  33  5:12  Factory Tech Lab  
  33  5:14  Stimpack  
  36  5:17  Orbital Command  
  36  5:21  SCV x2  
  38  5:24  Refinery  
  38  5:26  Starport  
  38  5:31  Siege Tank, Marine  
  38  5:33  SCV x2, Marauder  
  45  5:45  SCV x2  
  47  5:53  Marine  
  47  5:55  Marauder  
  48  5:57  SCV x2  
  48  6:02  Barracks Tech Lab  
  48  6:04  Siege Tank, Marine x3  
  45  6:09  SCV  
  42  6:24  Marine x3  
  41  6:33  Marine x2, Marauder  
  41  6:34  Marine  
  41  6:36  Siege Tank  
  44  6:42  Marine x3  
  47  6:53  Marine  
  59  6:54  Marine, Orbital Command  
  46  6:55  Marine  
  46  7:00  Marine  
  46  7:01  Marine  
Tags
 
Add a new tag
Caveats
  • Supply blocks, unpowered buildings, or Contaminate may cause inaccurate times.
  • Supply counts are checked every 10 seconds.